 Dungeon Crawl Stone Soup version 0.19.4 (webtiles) character file.

9202 Mefis the Thaumaturge (level 11, -1/54 HPs)
             Began as a Deep Elf Wizard on Feb 3, 2017.
             Was a Priest of Sif Muna.
             Hit by a tomahawk thrown by a merfolk (14 damage)
             ... on level 2 of the Lair of Beasts on Feb 4, 2017.
             The game lasted 00:45:42 (16988 turns).

Mefis the Thaumaturge (Deep Elf Wizard)            Turns: 16988, Time: 00:45:42

Health: -1/54      AC:  7    Str:  4    XL:     11   Next: 19%
Magic:  8/28       EV: 17    Int: 31    God:    Sif Muna [***...]
Gold:   388        SH:  0    Dex: 13    Spells: 12 memorised, 3 levels left

rFire  . . .     SeeInvis .     i - +1 whip (elec)
rCold  . . .     Gourm    .     U - +2 robe {rN+}
rNeg   + . .     Faith    .     (no shield)
rPois  .         Spirit   .     F - +0 helmet
rElec  .         Reflect  .     (no cloak)
rCorr  .         Harm     .     V - +0 pair of gloves
MR     +....                    h - +0 pair of boots
Stlth  ++++......               (no amulet)
                                L - ring of stealth
                                b - +4 ring of intelligence

@: about to teleport, very slightly contaminated
A: no striking features
a: Divine Energy, Channel Magic, Renounce Religion


You were on level 2 of the Lair of Beasts.
You worshipped Sif Muna.
Sif Muna was most pleased with you.
You were not hungry.

You visited 3 branches of the dungeon, and saw 16 of its levels.

You collected 719 gold pieces.
You spent 331 gold pieces at shops.

Inventory:

Hand Weapons
 e - a +0 hunting sling
 i - a +1 whip of electrocution (weapon)
Missiles
 s - 23 poisoned needles
 x - 2 throwing nets (quivered)
 K - 28 sling bullets
Armour
 h - a +0 pair of boots (worn)
 F - a +0 helmet (worn)
 U - a +2 robe of positive energy (worn)
 V - a +0 pair of gloves (worn)
 W - a +0 buckler
Magical Staves
 l - an uncursed staff of air
Jewellery
 b - a +4 ring of intelligence (left hand)
 q - an uncursed ring of protection from magic
 E - an uncursed ring of protection from cold
 L - a ring of stealth (right hand)
Wands
 C - a wand of lightning (2/15)
 G - a wand of teleportation (4/9)
 M - a wand of paralysis (5/24)
 Z - a wand of iceblast (7/15)
Scrolls
 j - 4 scrolls of recharging
 k - a scroll of blinking
 o - 4 scrolls of immolation
 r - a scroll of teleportation
 t - 2 scrolls of enchant weapon {unknown}
 u - 9 scrolls of remove curse
 w - 5 scrolls of amnesia
 y - 2 scrolls of magic mapping
 D - a scroll of fog {unknown}
 H - 2 scrolls of fear {unknown}
 J - a scroll of summoning {unknown}
 O - 4 scrolls of enchant armour
 T - a scroll of noise {unknown}
 X - a scroll of brand weapon {unknown}
Potions
 f - a potion of cure mutation
 g - 3 potions of curing
 m - 4 potions of heal wounds
 p - 2 potions of lignification {unknown}
 v - 3 potions of might {unknown}
 z - 4 potions of brilliance {unknown}
 A - 2 potions of mutation {unknown}
 N - 3 potions of haste {unknown}
 Q - a potion of degeneration {unknown}
 S - a potion of berserk rage {unknown}
 Y - a potion of ambrosia {unknown}
Books
 a - a book of Geomancy

   Spells                             Type                      Level
   a - Sandblast                      Earth                        1
   b - Passwall                       Transmutation/Earth          2
   c - Stone Arrow                    Conjuration/Earth            3
   d - Petrify                        Transmutation/Earth          4
   e - Lee's Rapid Deconstruction     Earth                        5
 c - a book of Minor Magic

   Spells                             Type                      Level
   a - Magic Dart                     Conjuration                  1
   b - Blink                          Translocation                2
   c - Call Imp                       Summoning                    2
   d - Repel Missiles                 Charms/Air                   2
   e - Slow                           Hexes                        2
   f - Conjure Flame                  Conjuration/Fire             3
   g - Mephitic Cloud                 Conjuration/Poison/Air       3
 P - a book of Necromancy

   Spells                             Type                      Level
   a - Pain                           Necromancy                   1
   b - Animate Skeleton               Necromancy                   1
   c - Vampiric Draining              Necromancy                   3
   d - Regeneration                   Charms/Necromancy            3
   e - Animate Dead                   Necromancy                   4
   f - Control Undead                 Necromancy                   4
Comestibles
 d - 8 bread rations
 n - 13 fruits
 B - 8 beef jerkies
 I - a royal jelly


   Skills:
 + Level 8.2 Dodging
 - Level 4.4 Stealth
 + Level 1.7 Shields
 + Level 11.5 Spellcasting
 + Level 6.5 Conjurations
 - Level 7.6 Hexes
 - Level 3.3 Charms
 - Level 3.1 Summonings
 * Level 4.4 Necromancy
 - Level 2.9 Translocations
 - Level 5.2 Air Magic
 * Level 1.3 Earth Magic
 - Level 2.1 Poison Magic
 + Level 2.7 Invocations
 + Level 5.9 Evocations


You had 3 spell levels left.
You knew the following spells:

 Your Spells              Type           Power        Failure   Level  Hunger
a - Magic Dart            Conj           ####         1%          1    None
b - Call Imp              Summ           #####...     1%          2    None
c - Blink                 Tloc           N/A          1%          2    None
d - Pain                  Necr           ####         1%          1    None
e - Mephitic Cloud        Conj/Pois/Air  #####...     1%          3    None
f - Conjure Flame         Conj/Fire      #####...     1%          3    None
g - Slow                  Hex            ######..     1%          2    None
m - Animate Dead          Necr           N/A          6%          4    None
n - Control Undead        Necr           #####.....   6%          4    None
o - Repel Missiles        Chrm/Air       #####.       1%          2    None
p - Regeneration          Chrm/Necr      #####.....   1%          3    None
s - Stone Arrow           Conj/Erth      #####.       1%          3    None


Dungeon Overview and Level Annotations

Branches:
Dungeon (11/15)            Temple (1/1) D:6            Lair (4/6) D:9
  Swamp: Lair:2-4    Shoals: Lair:2-4     Snake: Lair:2-4    Spider: Lair:2-4
    Orc: D:9-12

Altars:
Ashenzari
Cheibriados
Dithmenos
Elyvilon
Fedhas
Gozag
Hepliaklqana
Kikubaaqudgha
Makhleb
Nemelex Xobeh
Okawaru
Qazlal
Ru
Sif Muna
Trog
Uskayaw
Vehumet
Xom
Yredelemnul
Zin
The Shining One

Shops:
D:4 (   D:6 (   D:10 [

Annotations:
D:10 exclusion: hill giant
Lair:1 exclusion: oklob plant


Message History

Unknown command.
Casting: Blink
Confirm with . or Enter, or press ? or * to list all spells.
You blink.
The merfolk is engulfed in noxious fumes.
Unknown command.
As you read the scroll of teleportation, it crumbles to dust.
You feel strangely unstable.
The merfolk throws a tomahawk.
The tomahawk barely misses you.
The merfolk is engulfed in noxious fumes.
The merfolk appears confused.
The merfolk gestures wildly.
The merfolk hits you from afar with a trident!
* * * LOW HITPOINT WARNING * * *
Your surroundings seem slightly different.
As you read the scroll of teleportation, it crumbles to dust.
You feel strangely unstable.
The merfolk throws a tomahawk.
The tomahawk misses you.
The merfolk throws a tomahawk.
The tomahawk hits you!
You die...

### # ## ###.########
#.#.#######..........###
........(@#..........P#
.......(..............##
####.#.#.#..[........P#
#####ยง##.#P..........P#
#..(.....###.........##
##.....### ##......#P#
#.m.### #.P....### #..m#
####....# ####P..##
#...##


You could see a merfolk.

Vanquished Creatures
  A hydra (Lair:1)
  A hill giant (D:10)
  Pikel (D:7)
  A black mamba (Lair:4)
  3 spiny frogs (Lair:1)
  A centaur skeleton (D:10)
  A komodo dragon (D:9)
  A hornet (D:5)
  4 hippogriffs
  A wraith (D:10)
  A yak (Lair:1)
  Menkaure (D:5)
  4 water moccasins
  A porcupine (Lair:1)
  A black bear (Lair:1)
  3 sky beasts
  2 necrophages
  An eye of draining (D:10)
  An orc warrior (D:7)
  4 ogres
  2 phantoms
  A centaur (D:10)
  A crocodile (Lair:2)
  3 bullfrogs
  A wyvern zombie (D:10)
  A scorpion (D:6)
  13 killer bees
  An electric eel (Lair:1)
  4 howler monkeys
  6 crimson imps
  5 hounds
  A bullfrog zombie (D:10)
  2 centaur zombies
  A jelly (D:5)
  3 orc priests
  5 orc wizards
  2 iguanas
  A bullfrog skeleton (D:6)
  7 worker ants
  A killer bee zombie (D:9)
  A hound zombie (D:10)
  A hound skeleton (D:6)
  A worker ant zombie (D:6)
  5 gnolls
  11 adders
  An adder skeleton (D:5)
  2 worms
  2 dart slugs
  7 leopard geckos
  24 orcs
  6 giant cockroaches
  8 goblins
  17 hobgoblins
  9 jackals
  9 kobolds
  3 quokkas
  4 ball pythons
  11 bats
  8 frilled lizards
  A giant cockroach zombie (D:5)
  A leopard gecko skeleton (D:4)
  A leopard gecko zombie (D:4)
  A quokka zombie (D:10)
  11 rats
240 creatures vanquished.

Vanquished Creatures (collateral kills)
  A yak (D:9)
  2 porcupines (Lair:4)
  An orc warrior (D:9)
  2 crocodiles
  4 killer bees
  A howler monkey (D:6)
  A hound (D:4)
  An adder (D:5)
  3 gnolls
  A leopard gecko (D:6)
  A giant cockroach (D:2)
  4 jackals
  A quokka (D:6)
23 creatures vanquished.

Vanquished Creatures (others)
  A slave (D:7)
  A killer bee (D:7)
  An adder (D:7)
  9 fungi
  4 plants
16 creatures vanquished.

Grand Total: 279 creatures vanquished

Notes
Turn   | Place    | Note
-------+----------+-------------------------------------------
     0 | D:1      | Mefis the Deep Elf Wizard began the quest for the Orb.
     0 | D:1      | Reached XP level 1. HP: 10/10 MP: 7/7
     0 | D:1      | Noticed an octopode
     1 | D:1      | Noticed a human
     1 | D:1      | Noticed a troll
     3 | D:1      | Noticed an ogre
     3 | D:1      | Noticed a troll
     5 | D:1      | Noticed an elf
     6 | D:1      | Noticed an octopode
    10 | D:1      | Noticed an ogre
    12 | D:1      | Noticed a formicid
    14 | D:1      | Noticed an ogre
    14 | D:1      | Noticed an ogre
    15 | D:1      | Noticed a gargoyle
    16 | D:1      | Noticed a formicid
    18 | D:1      | Noticed a minotaur
    20 | D:1      | Noticed a naga
    20 | D:1      | Noticed an elf
    22 | D:1      | Noticed an elf
   459 | D:1      | Reached XP level 2. HP: 15/15 MP: 7/9
   463 | D:1      | Learned a level 2 spell: Call Imp
   466 | D:1      | Learned a level 2 spell: Blink
   469 | D:1      | Learned a level 2 spell: Repel Missiles
  1240 | D:1      | Reached skill level 5 in Spellcasting
  1240 | D:1      | Reached XP level 3. HP: 19/19 MP: 5/11
  1248 | D:1      | Learned a level 3 spell: Mephitic Cloud
  2404 | D:2      | Reached XP level 4. HP: 21/24 MP: 3/13
  2409 | D:2      | Learned a level 3 spell: Conjure Flame
  2980 | D:2      | Reached skill level 1 in Poison Magic
  3053 | D:2      | Found a basalt altar of Yredelemnul.
  3086 | D:2      | Found a glowing golden altar of the Shining One.
  3088 | D:2      | Noticed an angel
  3099 | D:2      | Noticed a profane servitor
  3246 | D:3      | Reached skill level 1 in Air Magic
  3392 | D:3      | Reached XP level 5. HP: 28/28 MP: 10/15
  3396 | D:3      | Learned a level 2 spell: Slow
  4205 | D:4      | Noticed an ogre
  4242 | D:4      | Killed an ogre
  4242 | D:4      | Reached skill level 1 in Hexes
  4242 | D:4      | Reached XP level 6. HP: 15/32 MP: 1/16
  4289 | D:4      | Reached skill level 6 in Spellcasting
  4946 | D:4      | Found Goagosut's Weapon Shop.
  5613 | D:5      | Entered Level 5 of the Dungeon
  5666 | D:5      | Noticed Menkaure
  5677 | D:5      | Killed Menkaure
  5677 | D:5      | Reached XP level 7. HP: 24/36 MP: 5/19
  6022 | D:5      | Reached skill level 7 in Spellcasting
  6993 | D:5      | Reached skill level 1 in Evocations
  7165 | D:5      | Noticed a hornet
  7172 | D:5      | Killed a hornet
  7172 | D:5      | Reached skill level 5 in Dodging
  7172 | D:5      | Reached skill level 8 in Spellcasting
  7172 | D:5      | Reached XP level 8. HP: 25/41 MP: 14/22
  8111 | D:6      | Found Kafimodi's Antique Weapon Emporium.
  8762 | D:6      | Found a staircase to the Ecumenical Temple.
  8784 | Temple   | Entered the Ecumenical Temple
  8798 | Temple   | Became a worshipper of Sif Muna the Loreminder
  9221 | D:7      | Reached skill level 9 in Spellcasting
  9597 | D:7      | Found a hazy altar of Hepliaklqana.
  9682 | D:7      | Reached XP level 9. HP: 45/45 MP: 8/24
  9904 | D:7      | Found a shimmering altar of Xom.
  9941 | D:7      | Reached skill level 5 in Hexes
 10270 | D:7      | Reached * piety under Sif Muna
 10400 | D:7      | Noticed Pikel
 10445 | D:7      | Killed Pikel
 10445 | D:7      | Reached skill level 10 in Spellcasting
 10445 | D:7      | Reached skill level 5 in Conjurations
 11140 | D:8      | Found a bloodstained altar of Trog.
 11140 | D:8      | Found a sparkling altar of Nemelex Xobeh.
 11646 | D:9      | Found a staircase to the Lair.
 12040 | D:10     | Entered Level 10 of the Dungeon
 12050 | D:10     | Reached skill level 5 in Air Magic
 12250 | D:10     | Noticed a hill giant
 12316 | D:10     | Reached ** piety under Sif Muna
 12316 | D:10     | Reached XP level 10. HP: 50/50 MP: 19/26
 12724 | D:10     | Found Fatitoom's Armour Shoppe.
 12781 | D:10     | Bought a +2 robe of positive energy for 205 gold pieces
 12781 | D:10     | Bought a +0 pair of gloves for 63 gold pieces
 12781 | D:10     | Bought a +0 buckler for 63 gold pieces
 12785 | D:10     | Learned a level 3 spell: Regeneration
 12790 | D:10     | Learned a level 4 spell: Animate Dead
 12792 | D:10     | Learned a level 1 spell: Pain
 12797 | D:10     | Learned a level 4 spell: Control Undead
 13365 | D:10     | Reached skill level 1 in Necromancy
 13365 | D:10     | Reached skill level 5 in Evocations
 13656 | D:10     | Reached skill level 1 in Charms
 13656 | D:10     | Reached skill level 1 in Invocations
 13726 | D:10     | Reached skill level 11 in Spellcasting
 14022 | D:10     | Killed a hill giant
 14022 | D:10     | Reached skill level 1 in Shields
 14244 | D:11     | Noticed a brown ugly thing
 14303 | Lair:1   | Entered Level 1 of the Lair of Beasts
 14392 | Lair:1   | Noticed a spiny frog
 14410 | Lair:1   | Killed a spiny frog
 14648 | Lair:1   | Noticed a spiny frog
 14682 | Lair:1   | Killed a spiny frog
 14682 | Lair:1   | Reached *** piety under Sif Muna
 14880 | Lair:1   | Noticed a five-headed hydra
 14901 | Lair:1   | Killed a five-headed hydra
 15119 | Lair:1   | Noticed a spiny frog
 15217 | Lair:1   | Killed a spiny frog
 15533 | Lair:1   | Found a blossoming altar of Fedhas.
 15548 | Lair:1   | Noticed an oklob plant
 15772 | D:9      | Reached XP level 11. HP: 54/54 MP: 15/28
 15875 | Lair:2   | You fall through a shaft for 2 floors!
 16131 | Lair:4   | Learned a level 3 spell: Stone Arrow
 16692 | Lair:2   | Reached skill level 1 in Earth Magic
 16988 | Lair:2   | Hit by a tomahawk thrown by a merfolk

Skill      XL: |  1  2  3  4  5  6  7  8  9 10 11 |
---------------+----------------------------------+-----
Spellcasting   | 5 6 8 9 10 11 | 11.5
Stealth        | 3 4 |  4.4
Dodging        | 3 4 5 6 7 8 |  8.2
Poison Magic   | 1 2 |  2.1
Conjurations   | 2 3 4 5 6 |  6.5
Air Magic      | 1 2 3 4 5 |  5.2
Hexes          | 1 2 3 4 6 7 |  7.6
Evocations     | 1 2 4 5 |  5.9
Necromancy     | 3 4 |  4.4
Charms         | 3 |  3.3
Invocations    | 2 |  2.7
Summonings     | 3 |  3.1
Shields        | 1 |  1.7
Translocations | 2 |  2.9
Earth Magic    | 1 |  1.3

Action                   |  1- 3 |  4- 6 |  7- 9 | 10-12 || total
-------------------------+-------+-------+-------+-------++-------
Melee: Club              |    16 |       |       |       ||    16
       Unarmed           |     7 |       |       |       ||     7
       Dagger            |       |    24 |       |       ||    24
       Flail             |       |     2 |    51 |       ||    53
       Whip              |       |       |     7 |    41 ||    48
 Fire: Hunting sling     |       |       |     4 |       ||     4
Throw: Throwing net      |       |       |     1 |       ||     1
 Cast: Magic Dart        |   121 |   192 |   334 |   208 ||   855
       Call Imp          |     9 |     5 |    24 |     7 ||    45
       Blink             |     1 |     3 |     3 |    14 ||    21
       Repel Missiles    |     1 |       |       |       ||     1
       Mephitic Cloud    |       |     3 |    25 |    18 ||    46
       Slow              |       |     2 |     3 |    17 ||    22
       Conjure Flame     |       |       |    14 |    38 ||    52
       Pain              |       |       |       |     2 ||     2
       Animate Dead      |       |       |       |     4 ||     4
       Stone Arrow       |       |       |       |    18 ||    18
Evoke: Wand              |       |       |     3 |     1 ||     4
  Use: Potion            |       |     2 |     1 |       ||     3
       Scroll            |       |       |    10 |     5 ||    15
 Stab: Sleeping          |       |     1 |       |     1 ||     2
       Distracted        |       |       |     1 |       ||     1
       Confused          |       |       |     1 |     2 ||     3
  Eat: Chunk             |     4 |     9 |     7 |     6 ||    26
       Meat ration       |       |       |     2 |     2 ||     4
       Bread ration      |       |       |     1 |       ||     1
Armor: Robe              |     8 |     7 |    21 |     8 ||    44
Dodge: Dodged            |    51 |    54 |   110 |    79 ||   294
       Deflected         |       |       |       |     1 ||     1
